Workbook

Sheet Resumen
A1: ='Datos Completos'!A1 -> Fecha revisión | B1: ='Datos Completos'!B1 -> 43496 | C1: ='Datos Completos'!C1:L1 -> 0 | M1: ='Datos Completos'!M1:W1 -> Información General Cuantitativa | X1: ='Datos Completos'!X1:AH1 -> Performance
A2: ='Datos Completos'!A2 -> ISIN | B2: ='Datos Completos'!B2 -> Código en Visual Chart | C2: ='Datos Completos'!C2 -> Fondo / Sicav | E2: ='Datos Completos'!E2 -> Número de Registro Oficial | F2: ='Datos Completos'!F2 -> Fecha de Registro Oficial | G2: ='Datos Completos'!G2 -> Tipologia de Sociedad | H2: ='Datos Completos'!H2 -> Sociedad Gestora | I2: ='Datos Completos'!I2 -> Sociedad Depositaria | J2: ='Datos Completos'!J2 -> Nombre del Gestor | K2: ='Datos Completos'!K2 -> Fecha de Inicio de Gestión del Gestor | L2: ='Datos Completos'!L2 -> Benchmark Oficial | ... AA2: ='Datos Completos'!AA2 -> Precio de Cierre a 2017/12/31 | AB2: ='Datos Completos'!AC2 -> Precio de Cierre a 2019/12/31 | AC2: ='Datos Completos'!AE2 -> Rentabilidad 2015 | AD2: ='Datos Completos'!AF2 -> Rentabilidad 2016 | AE2: ='Datos Completos'!AG2 -> Rentabilidad 2017 | AF2: ='Datos Completos'!AH2 -> Rentabilidad 2018 | AG2: ='Datos Completos'!#REF! -> #REF! | AH2: ='Datos Completos'!#REF! -> #REF!
A3: ='Datos Completos'!A3 -> ES0114493036 | B3: ='Datos Completos'!B3 -> F0GBR067EM | D3: ='Datos Completos'!D3 -> Paradigma64Chess SICAV | E3: ='Datos Completos'!E3 -> 1380 | F3: ='Datos Completos'!F3 -> 36822 | G3: ='Datos Completos'!G3 -> Sociedad de inversión de capital variable armonizada | H3: ='Datos Completos'!H3 -> Inversis Gestión S.G.I.I.C. S.A. | I3: ='Datos Completos'!I3 -> Banco Inversis S.A. | J3: ='Datos Completos'!J3 -> Marc Ribes | K3: ='Datos Completos'!K3 -> 42166 | ... AA3: ='Datos Completos'!AA3 -> 4.7951 | AB3: ='Datos Completos'!AC3 -> 3.980959 | AC3: ='Datos Completos'!AE3 -> -0.10549623 | AD3: ='Datos Completos'!AF3 -> 0.052722898 | AE3: ='Datos Completos'!AG3 -> 0.053752335 | AF3: ='Datos Completos'!AH3 -> -0.16978603 | AG3: ='Datos Completos'!#REF! -> #REF! | AH3: ='Datos Completos'!#REF! -> #REF!
A4: ='Datos Completos'!A5 -> ES0131462022 | B4: ='Datos Completos'!B5 -> F00000X240 | D4: ='Datos Completos'!D5 -> Esfera - Robotics FI | E4: ='Datos Completos'!E5 -> 4975 | F4: ='Datos Completos'!F5 -> 42461 | G4: ='Datos Completos'!G5 -> Fondo de inversión no armonizado | H4: ='Datos Completos'!H5 -> Esfera Capital Gestión S.G.I.I.C. S.A. | I4: ='Datos Completos'!I5 -> Santander Securities Services S.A. | J4: ='Datos Completos'!J5 -> Esfera Capital | K4: ='Datos Completos'!K5 -> 42461 | ... AA4: ='Datos Completos'!AA5 -> 160.4119 | AB4: ='Datos Completos'!AC5 -> 199.65 | AC4: ='Datos Completos'!AE5 -> s/n | AD4: ='Datos Completos'!AF5 -> s/n | AE4: ='Datos Completos'!AG5 -> 0.25214582 | AF4: ='Datos Completos'!AH5 -> 0.24460841 | AG4: ='Datos Completos'!#REF! -> #REF! | AH4: ='Datos Completos'!#REF! -> #REF!
A5: ='Datos Completos'!#REF! -> #REF! | B5: ='Datos Completos'!#REF! -> #REF! | D5: ='Datos Completos'!#REF! -> #REF! | E5: ='Datos Completos'!#REF! -> #REF! | F5: ='Datos Completos'!#REF! -> #REF! | G5: ='Datos Completos'!#REF! -> #REF! | H5: ='Datos Completos'!#REF! -> #REF! | I5: ='Datos Completos'!#REF! -> #REF! | J5: ='Datos Completos'!#REF! -> #REF! | K5: ='Datos Completos'!#REF! -> #REF! | ... AH5: ='Datos Completos'!#REF! -> #REF!
A6: ='Datos Completos'!A9 -> ES0142630047 | B6: ='Datos Completos'!B9 -> F00000X6EM | D6: ='Datos Completos'!D9 -> GPM Gestión Activa - Gestión Global FI | E6: ='Datos Completos'!E9 -> 4991 | F6: ='Datos Completos'!F9 -> 42489 | G6: ='Datos Completos'!G9 -> Fondo de inversión armonizado (compartimento) | H6: ='Datos Completos'!H9 -> Inversis Gestión S.G.I.I.C. S.A. | I6: ='Datos Completos'!I9 -> Banco Inversis S.A. | J6: ='Datos Completos'!J9 -> Javier Alfayate | K6: ='Datos Completos'!K9 -> 42489 | ... AA6: ='Datos Completos'!AA9 -> 10.4274 | AB6: ='Datos Completos'!AC9 -> 11.7 | AC6: ='Datos Completos'!AE9 -> s/n | AD6: ='Datos Completos'!AF9 -> s/n | AE6: ='Datos Completos'!AG9 -> 0.03613979 | AF6: ='Datos Completos'!AH9 -> 0.12204385 | AG6: ='Datos Completos'!#REF! -> #REF! | AH6: ='Datos Completos'!#REF! -> #REF!
A7: ='Datos Completos'!#REF! -> #REF! | B7: ='Datos Completos'!#REF! -> #REF! | D7: ='Datos Completos'!#REF! -> #REF! | E7: ='Datos Completos'!#REF! -> #REF! | F7: ='Datos Completos'!#REF! -> #REF! | G7: ='Datos Completos'!#REF! -> #REF! | H7: ='Datos Completos'!#REF! -> #REF! | I7: ='Datos Completos'!#REF! -> #REF! | J7: ='Datos Completos'!#REF! -> #REF! | K7: ='Datos Completos'!#REF! -> #REF! | ... AH7: ='Datos Completos'!#REF! -> #REF!
A8: ='Datos Completos'!A8 -> ES0142630054 | B8: ='Datos Completos'!B8 -> F00000YN5T | D8: ='Datos Completos'!D8 -> GPM Gestión Activa - Alcyon Selección Tech | E8: ='Datos Completos'!E8 -> 4991 | F8: ='Datos Completos'!F8 -> 42489 | G8: ='Datos Completos'!G8 -> Fondo de inversión armonizado (compartimento) | H8: ='Datos Completos'!H8 -> Inversis Gestión S.G.I.I.C. S.A. | I8: ='Datos Completos'!I8 -> Banco Inversis S.A. | J8: ='Datos Completos'!J8 -> Jorge Ufano | K8: ='Datos Completos'!K8 -> 42797 | ... AA8: ='Datos Completos'!AA8 -> 10.0766 | AB8: ='Datos Completos'!AC8 -> 11.85 | AC8: ='Datos Completos'!AE8 -> s/n | AD8: ='Datos Completos'!AF8 -> s/n | AE8: ='Datos Completos'!AG8 -> 0.00766 | AF8: ='Datos Completos'!AH8 -> 0.1759919 | AG8: ='Datos Completos'!#REF! -> #REF! | AH8: ='Datos Completos'!#REF! -> #REF!
A9: ='Datos Completos'!#REF! -> #REF! | B9: ='Datos Completos'!#REF! -> #REF! | D9: ='Datos Completos'!#REF! -> #REF! | E9: ='Datos Completos'!#REF! -> #REF! | F9: ='Datos Completos'!#REF! -> #REF! | G9: ='Datos Completos'!#REF! -> #REF! | H9: ='Datos Completos'!#REF! -> #REF! | I9: ='Datos Completos'!#REF! -> #REF! | J9: ='Datos Completos'!#REF! -> #REF! | K9: ='Datos Completos'!#REF! -> #REF! | ... AH9: ='Datos Completos'!#REF! -> #REF!
A10: ='Datos Completos'!A10 -> ES0176062000 | B10: ='Datos Completos'!B10 -> F00000VPI6 | D10: ='Datos Completos'!D10 -> Smart Social SICAV | E10: ='Datos Completos'!E10 -> 4179 | F10: ='Datos Completos'!F10 -> 42111 | G10: ='Datos Completos'!G10 -> Sociedad de inversión de capital variable armonizada | H10: ='Datos Completos'!H10 -> Inversis Gestión S.G.I.I.C. S.A. | I10: ='Datos Completos'!I10 -> Banco Inversis S.A. | J10: ='Datos Completos'!J10 -> Antoni Fernández Serrano | K10: ='Datos Completos'!K10 -> 42129 | ... AA10: ='Datos Completos'!AA10 -> 6.4818 | AB10: ='Datos Completos'!AC10 -> 5.958516 | AC10: ='Datos Completos'!AE10 -> s/n | AD10: ='Datos Completos'!AF10 -> 0.12805694 | AE10: ='Datos Completos'!AG10 -> -0.095162979 | AF10: ='Datos Completos'!AH10 -> -0.080731278 | AG10: ='Datos Completos'!#REF! -> #REF! | AH10: ='Datos Completos'!#REF! -> #REF!
A11: ='Datos Completos'!#REF! -> #REF! | B11: ='Datos Completos'!#REF! -> #REF! | D11: ='Datos Completos'!#REF! -> #REF! | E11: ='Datos Completos'!#REF! -> #REF! | F11: ='Datos Completos'!#REF! -> #REF! | G11: ='Datos Completos'!#REF! -> #REF! | H11: ='Datos Completos'!#REF! -> #REF! | I11: ='Datos Completos'!#REF! -> #REF! | J11: ='Datos Completos'!#REF! -> #REF! | K11: ='Datos Completos'!#REF! -> #REF! | ... AH11: ='Datos Completos'!#REF! -> #REF!
A12: ='Datos Completos'!A12 -> Medias | B12: ='Datos Completos'!B12 -> Totales | C12: ='Datos Completos'!C12:D12 -> 8 | E12: ='Datos Completos'!E12:F12 -> Contraseña para todo el documento: "trader" | O12: ='Datos Completos'!O12 -> 2463000 | P12: ='Datos Completos'!P12 -> 13916000 | Q12: ='Datos Completos'!Q12 -> 44181000 | R12: ='Datos Completos'!R12 -> 41972000 | S12: - | T12: ='Datos Completos'!T12 -> 0.06 | U12: ='Datos Completos'!U12 -> 0.0146875 | V12: ='Datos Completos'!V12 -> 0.001 | W12: ='Datos Completos'!W12 -> 5.75 | AC12: ='Datos Completos'!AE12 -> -0.10549623 | AD12: ='Datos Completos'!AF12 -> 0.09038992 | AE12: ='Datos Completos'!AG12 -> 0.050906993 | AF12: ='Datos Completos'!AH12 -> 0.05842537 | AG12: ='Datos Completos'!#REF! -> #REF! | AH12: ='Datos Completos'!#REF! -> #REF!

Sheet Datos Completos
A1: Fecha revisión | B1: 43496 | M1: Información General Cuantitativa | X1: Performance
A2: ISIN | B2: Código en Visual Chart | C2: Fondo / Sicav | E2: Número de Registro Oficial | F2: Fecha de Registro Oficial | G2: Tipologia de Sociedad | H2: Sociedad Gestora | I2: Sociedad Depositaria | J2: Nombre del Gestor | K2: Fecha de Inicio de Gestión del Gestor | L2: Benchmark Oficial | M2: Capital Social Inicial | N2: Capital Estatutario Máximo | O2: Patrimonio Gestionado a Cierre de 2014 | P2: Patrimonio Gestionado a Cierre de 2015 | Q2: Patrimonio Gestionado a Cierre de 2016 | R2: Patrimonio gestionado a cierre de 2017 | S2: Evolución Patrimonial (2014 o ITD hasta 2017) | T2: Comisión de Revalorización | U2: Comisión de Gestión | V2: Comisión de Depósito | W2: Nivel de Riesgo (1-7) | X2: Precio de Cierre a 2014/12/31 | Y2: Precio de Cierre a 2015/12/31 | Z2: Precio de Cierre a 2016/12/31 | AA2: Precio de Cierre a 2017/12/31 | AB2: Precio de Cierre a 2018/12/31 | AC2: Precio de Cierre a 2019/12/31 | AD2: Precio de Cierre a 2020/12/31 | AE2: Rentabilidad 2015 | AF2: Rentabilidad 2016 | AG2: Rentabilidad 2017 | AH2: Rentabilidad 2018 | AI2: Rentabilidad 2019 | AJ2: Rentabilidad 2020
A3: ES0114493036 | B3: F0GBR067EM | D3: Paradigma64Chess SICAV | E3: 1380 | F3: 36822 | G3: Sociedad de inversión de capital variable armonizada | H3: Inversis Gestión S.G.I.I.C. S.A. | I3: Banco Inversis S.A. | J3: Marc Ribes | K3: 42166 | L3: *no tiene* | M3: 2400002 | N3: 9600008 | O3: 2463000 | P3: 1899000 | Q3: 2084000 | R3: 2185000 | S3: =(R3-O3)/O3 -> -0.11287048 | T3: s/n | U3: 0.02 | V3: 0.0012 | W3: 7 | X3: 4.8324 | Y3: 4.3226 | Z3: 4.5505 | AA3: 4.7951 | AB3: 4.317014 | AC3: 3.980959 | AD3: 3.01 | AE3: =IF(X3="s/n","s/n",(Y3-X3)/X3) -> -0.10549623 | AF3: =IF(Y3="s/n","s/n",(Z3-Y3)/Y3) -> 0.052722898 | AG3: =IF(Z3="s/n","s/n",(AA3-Z3)/Z3) -> 0.053752335 | AH3: =IF(AA3="s/n","s/n",(AC3-AA3)/AA3) -> -0.16978603 | AI3: =IF(AB3="s/n","s/n",(AC3-AB3)/AB3) -> -0.077844316 | AJ3: =IF(AC3="s/n","s/n",(AD3-AC3)/AC3) -> -0.24390078
A4: ES0109204000 | B4: F0000105WL | D4: Anattea Kunié Quant FI | E4: 5244 | F4: 43147 | G4: Fondo de inversión no armonizado | H4: Anattea | I4: Bankinter | J4: Pablo González y Óscar Cagigas | K4: 43147 | L4: *no tiene* | T4: 0.09 | U4: 0.0135 | V4: 0.0008 | W4: 4 | X4: s/n | Y4: s/n | Z4: s/n | AA4: s/n | AB4: 94.3 | AC4: 94.73 | AD4: 98.08 | AE4: =IF(X4="s/n","s/n",(Y4-X4)/X4) -> s/n | AF4: =IF(Y4="s/n","s/n",(Z4-Y4)/Y4) -> s/n | AG4: =IF(Z4="s/n","s/n",(AA4-Z4)/Z4) -> s/n | AH4: =IF(AA4="s/n","s/n",(AC4-AA4)/AA4) -> s/n | AI4: =IF(AB4="s/n","s/n",(AC4-AB4)/AB4) -> 0.0045599152 | AJ4: =IF(AC4="s/n","s/n",(AD4-AC4)/AC4) -> 0.035363665
A5: ES0131462022 | B5: F00000X240 | D5: Esfera - Robotics FI | E5: 4975 | F5: 42461 | G5: Fondo de inversión no armonizado | H5: Esfera Capital Gestión S.G.I.I.C. S.A. | I5: Santander Securities Services S.A. | J5: Esfera Capital | K5: 42461 | L5: *no tiene* | M5: s/n | N5: s/n | O5: s/n | P5: s/n | Q5: 692000 | R5: 2823000 | S5: =(R5-Q5)/Q5 -> 3.0794798 | T5: 0.09 | U5: 0.0135 | V5: 0.001 | W5: 5 | X5: s/n | Y5: s/n | Z5: 128.1096 | AA5: 160.4119 | AB5: 146.15 | AC5: 199.65 | AD5: 263.14 | AE5: =IF(X5="s/n","s/n",(Y5-X5)/X5) -> s/n | AF5: =IF(Y5="s/n","s/n",(Z5-Y5)/Y5) -> s/n | AG5: =IF(Z5="s/n","s/n",(AA5-Z5)/Z5) -> 0.25214582 | AH5: =IF(AA5="s/n","s/n",(AC5-AA5)/AA5) -> 0.24460841 | AI5: =IF(AB5="s/n","s/n",(AC5-AB5)/AB5) -> 0.36606226 | AJ5: =IF(AC5="s/n","s/n",(AD5-AC5)/AC5) -> 0.31800651
A6: ES0131462113 | B6: F000011HLZ | D6: Esfera - Sersan Algorithmic FI | E6: 4975 | F6: 42461 | G6: Fondo de inversión no armonizado | H6: Esfera Capital Gestión S.G.I.I.C. S.A. | I6: Santander Securities Services S.A. | J6: Sergi Sánchez (Sersan) | K6: 43466 | L6: *no tiene* | M6: s/n | N6: s/n | O6: s/n | P6: s/n | Q6: s/n | R6: s/n | S6: s/n | T6: 0.09 | U6: 0.0135 | V6: 0.001 | W6: 6 | X6: s/n | Y6: s/n | Z6: s/n | AA6: s/n | AB6: 99.05 | AC6: 93.36 | AD6: 106.01 | AE6: =IF(X6="s/n","s/n",(Y6-X6)/X6) -> s/n | AF6: =IF(Y6="s/n","s/n",(Z6-Y6)/Y6) -> s/n | AG6: =IF(Z6="s/n","s/n",(AA6-Z6)/Z6) -> s/n | AH6: =IF(AA6="s/n","s/n",(AC6-AA6)/AA6) -> s/n | AI6: =IF(AB6="s/n","s/n",(AC6-AB6)/AB6) -> -0.057445734 | AJ6: =IF(AC6="s/n","s/n",(AD6-AC6)/AC6) -> 0.135497
A7: ES0131462030 | B7: F00000X241 | D7: Gloversia Multimercados Equilibrada SICAV | E7: 168 | F7: 43762 | G7: Sociedad de inversión de capital variable armonizada | H7: Renta 4 SGIIC SA | I7: Renta 4 | J7: Cárpatos | K7: 43762 | L7: *no tiene* | M7: s/n | N7: s/n | O7: s/n | P7: s/n | Q7: s/n | R7: s/n | S7: s/n | T7: 0.05 | U7: 0.009 | V7: 0.001 | W7: 7 | X7: s/n | Y7: s/n | Z7: s/n | AA7: s/n | AB7: s/n | AC7: 11.31 | AD7: 11.63 | AE7: =IF(X7="s/n","s/n",(Y7-X7)/X7) -> s/n | AF7: =IF(Y7="s/n","s/n",(Z7-Y7)/Y7) -> s/n | AG7: =IF(Z7="s/n","s/n",(AB7-Z7)/Z7) -> s/n | AH7: =IF(AB7="s/n","s/n",(AC7-AB7)/AB7) -> s/n | AI7: =IF(AB7="s/n","s/n",(AC7-AB7)/AB7) -> s/n | AJ7: =IF(AC7="s/n","s/n",(AD7-AC7)/AC7) -> 0.028293546
A8: ES0142630054 | B8: F00000YN5T | D8: GPM Gestión Activa - Alcyon Selección Tech | E8: 4991 | F8: 42489 | G8: Fondo de inversión armonizado (compartimento) | H8: Inversis Gestión S.G.I.I.C. S.A. | I8: Banco Inversis S.A. | J8: Jorge Ufano | K8: 42797 | L8: *no tiene* | M8: s/n | N8: s/n | O8: s/n | P8: s/n | Q8: s/n | R8: 623000 | S8: s/n | T8: s/n | U8: 0.0225 | V8: 0.001 | W8: 5 | X8: s/n | Y8: s/n | Z8: 10 | AA8: 10.0766 | AB8: 10.47 | AC8: 11.85 | AD8: 11.28 | AE8: =IF(X8="s/n","s/n",(Y8-X8)/X8) -> s/n | AF8: =IF(Y8="s/n","s/n",(Z8-Y8)/Y8) -> s/n | AG8: =IF(Z8="s/n","s/n",(AA8-Z8)/Z8) -> 0.00766 | AH8: =IF(AA8="s/n","s/n",(AC8-AA8)/AA8) -> 0.1759919 | AI8: =IF(AB8="s/n","s/n",(AC8-AB8)/AB8) -> 0.13180516 | AJ8: =IF(AC8="s/n","s/n",(AD8-AC8)/AC8) -> -0.048101266
A9: ES0142630047 | B9: F00000X6EM | D9: GPM Gestión Activa - Gestión Global FI | E9: 4991 | F9: 42489 | G9: Fondo de inversión armonizado (compartimento) | H9: Inversis Gestión S.G.I.I.C. S.A. | I9: Banco Inversis S.A. | J9: Javier Alfayate | K9: 42489 | L9: *no tiene* | M9: s/n | N9: s/n | O9: s/n | P9: s/n | Q9: 2171000 | R9: 2375000 | S9: =(R9-Q9)/Q9 -> 0.093965914 | T9: 0.08 | U9: 0.0135 | V9: 0.001 | W9: 5 | X9: s/n | Y9: s/n | Z9: 10.0637 | AA9: 10.4274 | AB9: 10.34 | AC9: 11.7 | AD9: 12.39 | AE9: =IF(X9="s/n","s/n",(Y9-X9)/X9) -> s/n | AF9: =IF(Y9="s/n","s/n",(Z9-Y9)/Y9) -> s/n | AG9: =IF(Z9="s/n","s/n",(AA9-Z9)/Z9) -> 0.03613979 | AH9: =IF(AA9="s/n","s/n",(AC9-AA9)/AA9) -> 0.12204385 | AI9: =IF(AB9="s/n","s/n",(AC9-AB9)/AB9) -> 0.13152805 | AJ9: =IF(AC9="s/n","s/n",(AD9-AC9)/AC9) -> 0.058974359
A10: ES0176062000 | B10: F00000VPI6 | D10: Smart Social SICAV | E10: 4179 | F10: 42111 | G10: Sociedad de inversión de capital variable armonizada | H10: Inversis Gestión S.G.I.I.C. S.A. | I10: Banco Inversis S.A. | J10: Antoni Fernández Serrano | K10: 42129 | L10: *no tiene* | M10: 10000002 | N10: 100000020 | O10: s/n | P10: 12017000 | Q10: 39234000 | R10: 33966000 | S10: =(R10-P10)/P10 -> 1.8264958 | T10: 0.08 | U10: 0.012 | V10: 0.001 | W10: 7 | X10: s/n | Y10: 6.3503 | Z10: 7.1635 | AA10: 6.4818 | AB10: 7.456418 | AC10: 5.958516 | AD10: 4.24 | AE10: =IF(X10="s/n","s/n",(Y10-X10)/X10) -> s/n | AF10: =IF(Y10="s/n","s/n",(Z10-Y10)/Y10) -> 0.12805694 | AG10: =IF(Z10="s/n","s/n",(AA10-Z10)/Z10) -> -0.095162979 | AH10: =IF(AA10="s/n","s/n",(AC10-AA10)/AA10) -> -0.080731278 | AI10: =IF(AB10="s/n","s/n",(AC10-AB10)/AB10) -> -0.20088761 | AJ10: =IF(AC10="s/n","s/n",(AD10-AC10)/AC10) -> -0.28841342
A11: ES0182790032 | B11: F000001Z2D | D11: RReto Magnum SICAV | E11: 2759 | F11: 37718 | G11: Sociedad de inversión de capital variable no armonizada | H11: Quadriga Asset Managers S.G.I.I.C. S.A. | I11: Santander Securities Services S.A. | J11: José Lizán | K11: ? | L11: *no tiene* | M11: 2404048 | N11: 24040480 | O11: 21512000 | P11: 20443000 | Q11: 23520000 | R11: 27998000 | S11: =(R11-O11)/O11 -> 0.30150614 | T11: s/n | U11: 0.0158 | V11: 0.001 | W11: 3 | X11: 14.2497 | Y11: 13.9204 | Z11: 16.541 | AA11: 19.695 | AB11: =19.133756 -> 19.133756 | AC11: 20.619779 | AD11: 17.66 | AE11: =IF(X11="s/n","s/n",(Y11-X11)/X11) -> -0.023109258 | AF11: =IF(Y11="s/n","s/n",(Z11-Y11)/Y11) -> 0.18825608 | AG11: =IF(Z11="s/n","s/n",(AA11-Z11)/Z11) -> 0.19067771 | AH11: =IF(AA11="s/n","s/n",(AB11-AA11)/AA11) -> -0.028496776 | AI11: =IF(AB11="s/n","s/n",(AC11-AB11)/AB11) -> 0.077664992 | AJ11: =IF(AC11="s/n","s/n",(AD11-AC11)/AC11) -> -0.14354077
A12: Medias | B12: Totales | C12: =COUNTA(D3:D10) -> 8 | E12: Contraseña para todo el documento: "trader" | O12: =SUM(O3:O10) -> 2463000 | P12: =SUM(P3:P10) -> 13916000 | Q12: =SUM(Q3:Q10) -> 44181000 | R12: =SUM(R3:R10) -> 41972000 | S12: - | T12: =SUM(T3:T10)/$C$12 -> 0.06 | U12: =SUM(U3:U10)/$C$12 -> 0.0146875 | V12: =SUM(V3:V10)/$C$12 -> 0.001 | W12: =SUM(W3:W10)/$C$12 -> 5.75 | AE12: =SUM(AE3:AE10)/COUNT(AE3:AE10) -> -0.10549623 | AF12: =SUM(AF3:AF10)/COUNT(AF3:AF10) -> 0.09038992 | AG12: =SUM(AG3:AG10)/COUNT(AG3:AG10) -> 0.050906993 | AH12: =SUM(AH3:AH10)/COUNT(AH3:AH10) -> 0.05842537 | AI12: =SUM(AI3:AI10)/COUNT(AI3:AI10) -> 0.042539675 | AJ12: =SUM(AJ3:AJ10)/COUNT(AJ3:AJ10) -> -0.00053504829

Sheet Datos Descargables
A1: Descargar Datos Oficiales CNMV
